 Dungeon Crawl Stone Soup version 0.25.1-2-g60ff931df9 (webtiles) character file.

Game seed: 10851183047471563865

48 Antenora the Skirmisher (level 3, -1/33 HPs)
             Began as a Draconian Abyssal Knight on Nov 5, 2020.
             Was a Follower of Lugonu.
             Slain by an adder (2 damage)
             ... on level 2 of the Dungeon.
             The game lasted 00:04:28 (830 turns).

Antenora the Skirmisher (Draconian Abyssal Knight)   Turns: 830, Time: 00:04:30

Health: -1/33      AC:  5    Str: 15      XL:     3   Next: 50%
Magic:  4/4        EV: 12    Int: 14      God:    Lugonu [*.....]
Gold:   26         SH:  0    Dex:  9 (10) Spells: 2/2 levels left

rFire    . . .     SeeInvis .   a - +1 falchion
rCold    . . .     Gourm    .   (no shield)
rNeg     . . .     Faith    .   (armour unavailable)
rPois    .         Spirit   .   (helmet restricted)
rElec    .         Reflect  .   (no cloak)
rCorr    .         Harm     .   (no gloves)
MR       .....                  (no boots)
Stlth    +.........             (no amulet)
HPRegen  0.11/turn              (no ring)
MPRegen  0.09/turn              (no ring)

@: lethally poisoned (-1 -> -6)
A: unfitting armour, clever 1, deterioration 1, cold-blooded, AC +5
a: Depart the Abyss, Renounce Religion


You were on level 2 of the Dungeon.
You worshipped Lugonu.
Lugonu was aware of your devotion.
You were not hungry.

You visited 1 branch of the dungeon, and saw 2 of its levels.
You visited the Abyss 1 time.

You collected 26 gold pieces.

Inventory:

Hand Weapons
 a - a +1 falchion (weapon)
Jewellery
 f - an uncursed ring of positive energy {unknown}
 h - a +6 ring of dexterity {unknown}
Potions
 b - a potion of haste
 c - a potion of heal wounds {unknown}
Comestibles
 g - 2 rations


   Skills:
 + Level 4.0 Fighting
 + Level 2.7 Long Blades
 + Level 2.6 Dodging
 + Level 2.1 Invocations


You had 2 spell levels left.
You didn't know any spells.
Your spell library was empty.

Dungeon Overview and Level Annotations

Branches:
Dungeon (2/15)

Altars:
Hepliaklqana


Innate Abilities, Weirdness & Mutations

Your plain brown scales are hard. (AC +5)
You cannot fit into any form of body armour.
You are cold-blooded and may be slowed by cold attacks.
Your mind is acute. (Int +2)
Your body sometimes deteriorates upon taking damage.


Message History

You closely miss the adder.
The adder is severely wounded.
* * * LOW HITPOINT WARNING * * *
You feel sick. The adder barely misses you.
You riposte.
You closely miss the adder.
The adder is severely wounded.
The adder barely misses you.
You miss the adder.
The adder is severely wounded.
* * * LOW HITPOINT WARNING * * *
You feel sick. The adder misses you.
* * * LOW HITPOINT WARNING * * *
You feel sick. The adder bites you.
* * * LOW HITPOINT WARNING * * *
The adder bites you but does no damage.
There is an open door here.
* * * LOW HITPOINT WARNING * * *
You feel sick. The adder bites you.
You die...

#.#........#
#.#........#
#.#........#
#.######'###
####.######.#
#.##.#...##.#
#.'......'..#
#†####...###....+
#@####...# .####
#.S..##### .#
#.##.# .# #.##...
.# #.###### ##
..# ..# ####


You could see an adder.

Vanquished Creatures
  An adder (D:2)
  A dart slug (D:2)
  2 leopard geckos
  A bat (D:1)
  3 goblins
  7 hobgoblins
  6 jackals (D:1)
  3 frilled lizards
  4 kobolds
  4 rats
32 creatures vanquished.

Notes
Turn   | Place    | Note
-------+----------+-------------------------------------------
     0 | Abyss:1  | Antenora the Draconian Abyssal Knight began the quest for
                  | the Orb.
     0 | Abyss:1  | Reached XP level 1. HP: 19/19 MP: 2/2
     0 | D:1      | Escaped the Abyss
   119 | D:1      | Reached XP level 2. HP: 11/26 MP: 3/3
   186 | D:1      | Reached * piety under Lugonu
   597 | D:2      | Reached skill level 4 in Fighting
   609 | D:2      | Gained mutation: Your body sometimes deteriorates upon
                  | taking damage. [potion of mutation]
   609 | D:2      | Gained mutation: Your mind is acute. (Int +2) [potion of
                  | mutation]
   627 | D:2      | Reached XP level 3. HP: 32/33 MP: 4/4
   653 | D:2      | Found a hazy altar of Hepliaklqana.
   827 | D:2      | HP: 1/33 [adder (3)]
   830 | D:2      | Slain by an adder

Illustrated notes

Levels and vault maps discovered:
D:1:      wander_arrival_estate, layout_basic
D:2:      layout_basic, nicolae_overflow_crystal_walls, first_ration,
          kennysheep_generic_room_7

Skill      XL: |  1  2 |
---------------+-------+-----
Fighting       | 4 |  4.0
Long Blades    | |  2.7
Dodging        | |  2.6
Invocations    | |  2.1

Action                   || total
-------------------------++-------
Melee: Falchion          ||    88
       Tailslap          ||     8
Invok: Depart the Abyss  ||     1
  Use: Scroll            ||     3
       Potion            ||     2
  Eat: Ration            ||     1
Armor: Skin              ||    25
Dodge: Dodged            ||    77
       Rpst.: Falchion   ||    24
